 Dungeon Crawl Stone Soup version 0.31.0-32-g396128a36d (webtiles) character file.

Game seed: 12282047626009496621

13750 Marvel the Severer (level 12, 0/106 HPs)
             Began as a Hill Orc Fighter on Mar 23, 2024.
             Was a High Priest of Okawaru.
             Slain by a troll (5 damage)
             ... on level 12 of the Dungeon.
             The game lasted 00:21:16 (14030 turns).

Marvel the Severer (Hill Orc Fighter)              Turns: 14030, Time: 00:21:17

Health: 0/106      AC: 23    Str: 24    XL:     12   Next: 9%
Magic:  15/17      EV:  9    Int:  8    God:    Okawaru [*****.]
Gold:   695        SH:  6    Dex: 10    Spells: 11/11 levels left

rFire   . . .        a - +0 war axe
rCold   + . .        c - +0 buckler
rNeg    . . .        r - +0 plate armour
rPois   .            P - +0 helmet
rElec   .            M - +0 cloak
rCorr   +            k - +0 pair of gloves {hurl}
SInv    .            C - +1 pair of boots {Stlth+}
Will    .....        (no amulet) Stlth
                     i - ring of resist corrosion
HPRegen 0.37/turn    Q - ring of protection from cold
MPRegen 0.15/turn

%: no passive effects
@: heroic
A: no striking features
a: Renounce Religion, Heroism, Finesse, Duel


You were on level 12 of the Dungeon.
You worshipped Okawaru.
Okawaru was extremely pleased with you.
You visited 1 branch of the dungeon, and saw 12 of its levels.
You also visited: Sewer.

You collected 695 gold pieces.

Inventory:

Hand Weapons
 a - a +0 war axe (weapon)
Missiles
 y - 3 curare-tipped darts
 A - 18 poisoned darts (quivered)
 V - a javelin
 Y - 3 silver javelins
Armour
 b - a +0 scale mail
 c - a +0 buckler (worn)
 k - a +0 pair of gloves of hurling (worn)
 r - a +0 plate armour (worn)
 C - a +1 pair of boots of stealth (worn)
 M - a +0 cloak (worn)
 P - a +0 helmet (worn)
Jewellery
 i - a ring of resist corrosion (left hand)
 j - a ring of willpower
 G - a ring of flight
 Q - a ring of protection from cold (right hand)
Wands
 E - a wand of iceblast (9)
 K - a wand of flame (14)
 S - a wand of paralysis (5)
 T - a wand of polymorph (2)
 U - a wand of quicksilver (10)
 W - a wand of digging (5)
Scrolls
 e - 5 scrolls of teleportation
 f - a scroll of fog
 g - a scroll of fear {unknown}
 l - a scroll of noise
 n - a scroll of enchant armour {unknown}
 p - a scroll of blinking
 B - 3 scrolls of immolation
 D - a scroll of revelation
 L - a scroll of amnesia
 N - 2 scrolls of enchant weapon {unknown}
 X - a scroll of summoning {unknown}
 Z - a scroll of vulnerability
Potions
 d - 4 potions of might
 h - 8 potions of curing
 m - 3 potions of resistance
 o - 4 potions of brilliance
 q - a potion of berserk rage {unknown}
 s - 3 potions of ambrosia {unknown}
 t - 4 potions of haste
 u - 3 potions of invisibility {unknown}
 v - a potion of experience {unknown}
 w - 2 potions of mutation {unknown}
 x - 5 potions of heal wounds
 z - 3 potions of magic
 F - a potion of lignification
 I - 5 potions of enlightenment
 J - a potion of attraction {unknown}


   Skills:
 + Level 9.7(14.7) Fighting
 * Level 17.7(22.7) Axes
 + Level 2.5(7.5) Throwing
 + Level 9.0(14.0) Armour
 + Level 6.4(11.4) Shields
 + Level 7.1 Invocations


You had 11 spell levels left.
You didn't know any spells.
Your spell library contained the following spells:

 Spells                   Type           Power      Damage    Failure   Level
 Magic Dart               Conj           0%         1d3       99%         1
 Blink                    Tloc           0%         N/A       99%         2
 Mercury Vapours          Alch/Air       0%         N/A       99%         2
 Sublimation of Blood     Necr           0%         N/A       99%         2
 Frozen Ramparts          Ice            0%         1d1       100%        3
 Mephitic Cloud           Conj/Alch/Air  0%         N/A       100%        3
 Dimensional Bullseye     Hex/Tloc       0%         N/A       100%        4
 Iskenderun's Mystic Bla  Conj/Tloc      0%         2d3       100%        4
 Leda's Liquefaction      Alch/Erth      0%         N/A       100%        4
 Petrify                  Alch/Erth      0%         N/A       100%        4
 Alistair's Intoxication  Alch           0%         N/A       100%        5
 Borgnjor's Vile Clutch   Necr/Erth      0%         N/A       100%        5
 Freezing Cloud           Conj/Ice/Air   0%         6-21      100%        5
 Metabolic Englaciation   Hex/Ice        0%         N/A       100%        5
 Eringya's Noxious Bog    Alch           0%         4d6       100%        6
 Call Imp                 Summ           Unusable   N/A       N/A         2
 Tukima's Dance           Hex            Unusable   N/A       N/A         3
 Summon Hydra             Summ           Unusable   N/A       N/A         7

Dungeon Overview and Level Annotations

Branches:
Dungeon (12/15)            Temple (0/1) D:6            Lair (0/5) D:10
    Orc (0/2) D:10          Sewer (visited)

Altars:
Ashenzari
Cheibriados
Gozag
Hepliaklqana
Nemelex Xobeh
Okawaru
Qazlal
Vehumet
Xom
Yredelemnul
Zin

Shops:
D:3 [

Annotations:
D:3 3 runed translucent doors, Ijustatesigmund's ghost, amateur OpCj
D:4 2 transporters


Message History

The deep elf pyromancer is almost dead.
You hit the fire elemental but do no damage.
You hit the fire elemental. You hit the troll but do no damage.
The troll looks more healthy.
The fire elemental hits you. The fire elemental burns you!
The fire elemental hits you. The fire elemental burns you!
The deep elf pyromancer hits you with a +0 rapier.
The troll closely misses you. The troll claws you.
* * * LOW HITPOINT WARNING * * *
The troll claws you.
* * * LOW HITPOINT WARNING * * *
You hit the deep elf pyromancer.
The deep elf pyromancer is almost dead.
You hit the fire elemental but do no damage.
You hit the fire elemental. You barely miss the troll.
You block the fire elemental's attack. The fire elemental barely misses you.
The deep elf pyromancer hits you but does no damage.
The troll completely misses you. The troll claws you but does no damage.
The troll misses you.
You gain the combat prowess of a mighty hero.
You can no longer enter into single combat with a foe.
Okawaru will no longer gift you throwing weapons.
The fire elemental barely misses you. The fire elemental hits you.
The fire elemental burns you!
* * * LOW HITPOINT WARNING * * *
The troll misses you. The troll claws you!
* * * LOW HITPOINT WARNING * * *
The troll closely misses you.
The deep elf pyromancer hits you but does no damage.
The fire elemental hits you. The fire elemental burns you!
* * * LOW HITPOINT WARNING * * *
You hit the deep elf pyromancer.
You kill the deep elf pyromancer!
Okawaru accepts your kill.
You can now enter into single combat with a foe.
Okawaru will now gift you throwing weapons as you gain piety.
The fire elemental disappears in a puff of smoke! x2
You slash the troll! The troll bites you but does no damage.
The troll barely misses you. The troll claws you.
You die...

#...(..#
#......+
#......#
#...(..#
#...(..#
#...°..#
#..§T).#
#@# ###§#
#...#
#.###
#####'####
#......<.#
#........#
#........#
#........#


You could see a troll.

Vanquished Creatures
  A two-headed ogre (D:12)
  Pikel (D:8)
  A deep elf pyromancer (D:12)
  An ugly thing (D:11)
  A manticore (D:12)
  Maurice (D:7)
  4 kobold demonologists
  3 trolls
  2 hornets
  Sigmund (D:3)
  4 wyverns
  9 yaks
  7 vampire mosquitoes (D:12)
  Menkaure (D:5)
  An acid dragon (D:10)
  4 water moccasins
  A swamp drake (D:10)
  5 ice beasts
  8 orc warriors
  A black bear (D:5)
  3 ogres
  4 centaurs
  A phantom (D:6)
  7 kobold brigands
  4 bullfrogs
  2 scorpions
  A brain worm (Sewer)
  3 wights (D:7)
  24 killer bees
  A vampire bat (D:5)
  A howler monkey (D:9)
  2 bombardier beetles
  13 orc priests
  4 hounds
  3 jellies
  7 iguanas
  16 orc wizards
  4 gnolls
  13 adders
  3 river rats (D:3)
  A shadow imp (D:6)
  A white imp (D:7)
  6 dart slugs
  3 fire bats (D:5)
  3 ribbon worms
  49 orcs
  2 spectral bats (D:5)
  8 ball pythons
  3 bat skeletons (D:5)
  A bat zombie (D:5)
  7 endoplasms
  7 giant cockroaches
  9 hobgoblins
  7 jackals (D:4)
  5 quokkas
  20 bats
  A bat simulacrum (D:5)
  8 frilled lizards
  9 goblins
  34 kobolds
  13 rats
370 creatures vanquished.

Vanquished Creatures (others)
  An orc wizard (D:4)
1 creature vanquished.

Grand Total: 371 creatures vanquished

Notes
Turn   | Place    | Note
-------+----------+-------------------------------------------
     0 | D:1      | Marvel the Hill Orc Fighter began the quest for the Orb.
     0 | D:1      | Reached XP level 1. HP: 19/19 MP: 1/1
   129 | D:1      | Reached skill level 3 in Axes
   129 | D:1      | Reached XP level 2. HP: 26/27 MP: 2/2
   332 | D:1      | Reached XP level 3. HP: 28/33 MP: 3/3
   578 | D:1      | Reached skill level 4 in Axes
   897 | D:2      | Reached XP level 4. HP: 34/40 MP: 4/4
  1049 | D:2      | Reached skill level 5 in Axes
  1288 | D:2      | Reached XP level 5. HP: 33/46 MP: 5/5
  1589 | D:2      | Found a faded altar of an unknown god.
  1981 | D:2      | Prayed at the altar of an unknown god.
  1981 | D:2      | Became a worshipper of Warmaster Okawaru
  1981 | D:2      | Reached * piety under Okawaru
  2021 | D:3      | Found Fifalux's Armour Shoppe.
  2192 | D:3      | Found a snail-covered altar of Cheibriados.
  2199 | D:3      | Reached skill level 6 in Axes
  2250 | D:3      | Found a glowing drain.
  2311 | Sewer    | Entered a sewer
  2381 | Sewer    | Reached XP level 6. HP: 53/53 MP: 6/6
  2397 | Sewer    | Reached skill level 7 in Axes
  2683 | Sewer    | Reached ** piety under Okawaru
  2684 | Sewer    | Reached skill level 8 in Axes
  2684 | Sewer    | Reached XP level 7. HP: 60/60 MP: 7/7
  2704 | Sewer    | Identified the +0 leather armour of Dim Light {Will- Str+3
                  | Int+5 Stlth+}
  2897 | D:3      | Noticed Sigmund
  2904 | D:3      | Killed Sigmund
  2905 | D:3      | Reached skill level 9 in Axes
  3189 | D:3      | Found a shimmering altar of Xom.
  3190 | D:3      | Found a radiant altar of Vehumet.
  3190 | D:3      | Found a basalt altar of Yredelemnul.
  3335 | D:3      | Found a runed translucent gate.
  3335 | D:3      | Found a runed translucent gate.
  3335 | D:3      | Found a runed translucent gate.
  3336 | D:3      | Noticed Ijustatesigmund's ghost (amateur OpCj)
  3662 | D:4      | Reached skill level 5 in Fighting
  3810 | D:4      | Reached XP level 8. HP: 68/68 MP: 8/8
  3910 | D:4      | Reached skill level 10 in Axes
  4052 | D:4      | Found a transporter.
  4113 | D:4      | Reached *** piety under Okawaru
  4388 | D:4      | Found a hazy altar of Hepliaklqana.
  4618 | D:4      | Found a transporter.
  4687 | D:5      | Entered Level 5 of the Dungeon
  4716 | D:5      | Reached skill level 5 in Armour
  4867 | D:5      | Noticed a hornet
  4873 | D:5      | Paralysed by a hornet for 2 turns
  4875 | D:5      | Killed a hornet
  4876 | D:5      | Reached skill level 11 in Axes
  5092 | D:5      | Noticed Menkaure
  5100 | D:5      | Killed Menkaure
  5150 | D:5      | Found a glowing silver altar of Zin.
  5266 | D:5      | Reached **** piety under Okawaru
  5458 | D:5      | Reached XP level 9. HP: 70/75 MP: 9/9
  5496 | D:5      | Reached skill level 12 in Axes
  5786 | D:5      | Found a sparkling altar of Nemelex Xobeh.
  5964 | D:6      | Reached skill level 1 in Invocations
  6224 | D:6      | Found a staircase to the Ecumenical Temple.
  6623 | D:6      | Reached skill level 13 in Axes
  6623 | D:6      | Reached skill level 5 in Shields
  7485 | D:7      | Noticed Maurice
  7505 | D:7      | Something stole a ring of ice
  7514 | D:7      | Something stole 11 poisoned darts
  7515 | D:7      | Killed Maurice
  7516 | D:7      | Reached skill level 14 in Axes
  7516 | D:7      | Reached XP level 10. HP: 48/84 MP: 4/12
  7803 | D:7      | Found a stormy altar of Qazlal.
  8516 | D:8      | Noticed Pikel
  8529 | D:8      | Killed Pikel
  8529 | D:8      | Reached ***** piety under Okawaru
  8530 | D:8      | Reached skill level 15 in Axes
  8675 | D:8      | Received a gift from Okawaru
  9171 | D:9      | Reached skill level 5 in Invocations
  9623 | D:9      | Paralysed by a hornet for 3 turns
  9631 | D:9      | Reached skill level 16 in Axes
  9981 | D:9      | Reached XP level 11. HP: 77/94 MP: 13/15
 10261 | D:9      | Found a broken altar of Ashenzari.
 10456 | D:10     | Entered Level 10 of the Dungeon
 10469 | D:9      | Received a gift from Okawaru
 10482 | D:9      | Reached skill level 1 in Throwing
 10996 | D:10     | Found a staircase to the Lair.
 11076 | D:10     | Noticed a seven-headed hydra
 11454 | D:10     | Noticed a soul eater
 11822 | D:10     | Found a staircase to the Orcish Mines.
 12004 | D:10     | Found an opulent altar of Gozag.
 12364 | D:11     | Noticed a purple ugly thing
 12385 | D:11     | Killed a purple ugly thing
 12419 | D:11     | Noticed a sun demon
 12443 | D:11     | Noticed a sun demon
 12672 | D:11     | Noticed a sun demon
 12676 | D:11     | Reached skill level 17 in Axes
 12834 | D:11     | You fall into a shaft and drop 1 floor!
 13420 | D:12     | Noticed a two-headed ogre
 13429 | D:12     | Killed a two-headed ogre
 13430 | D:12     | Reached XP level 12. HP: 51/105 MP: 14/17
 14029 | D:12     | HP: 5/106 [fire elemental[a deep elf pyromancer] (8)]
 14030 | D:12     | Slain by a troll

Illustrated notes

Levels and vault maps discovered:
D:1:      eino_arrival_cavern_b, layout_loops_ring,
          wander_ebering_terrifying_dragon_lair
D:2:      layout_loops_ring, ebering_ecumenical_altar_mist,
          minmay_randomly_rotated_circles
D:3:      minmay_diamond_boxcup, layout_basic, gammafunk_temple_overflow_claw,
          amcnicky_altar_gilded, portal_sewer_entry_a,
          gammafunk_ghost_nasty_kobolds, serial_shops,
          nicolae_shop_tiny_real_fake_doors, uniq_sigmund
D:4:      gammafunk_cloud_chamber, layout_loops_corners,
          lemuel_coloured_pillars_altar
D:5:      layout_rooms, nemelex_dance_club_becter,
          nicolae_overflow_crystal_walls, goddamned_bats, uniq_menkaure
D:6:      layout_basic, minmay_temple_entry_gardened_gates, serial_corexii_hall,
          corexii_hall_statues_x, chequers_hall_statues_wall_a
D:7:      layout_rooms, mainiacjoe_overflow_six_doors_small, uniq_maurice
D:8:      layout_loops_cross, uniq_pikel
D:9:      layout_loops_ring, mainiacjoe_overflow_24_doors, grunt_ministairs_4
D:10:     layout_cross, grunt_gozag_statues, minmay_lair_entry_grove, erik_orc_1
D:11:     nicolae_hitomezashi [nicolae_hito_row, nicolae_hito_row,
          nicolae_hito_row, nicolae_hito_row, nicolae_hito_row,
          nicolae_hito_row, nicolae_hito_row, nicolae_hito_row,
          nicolae_hito_row, nicolae_hito_row, nicolae_hito_row,
          nicolae_hito_row, nicolae_hito_row, nicolae_hito_row,
          nicolae_hito_row, nicolae_hito_row, nicolae_hito_row,
          nicolae_hito_row], layout_irregular_city,
          minmay_fractal_squares_diagonal_5
D:12:     layout_roguey, portal_ice_cave_demonic_guard

Skill      XL: |  1  2  3  4  5  6  7  8  9 10 11 12 |
---------------+-------------------------------------+-----
Axes           | 3 4 5 6 8 9 11 14 16 17 | 17.7
Fighting       | 4 5 6 7 9 |  9.7
Armour         | 4 5 6 7 8 9 |  9.0
Shields        | 4 5 6 |  6.4
Invocations    | 3 5 7 |  7.1
Throwing       | 2 |  2.5

Action                     |  1- 3 |  4- 6 |  7- 9 | 10-12 || total
---------------------------+-------+-------+-------+-------++-------
  Melee: War axe           |    81 |   196 |   464 |   616 ||  1357
  Throw: Dart              |       |       |       |    57 ||    57
 Invoke: Heroism           |       |       |     3 |    12 ||    15
         Finesse           |       |       |       |     1 ||     1
    Use: Scroll            |       |       |       |    15 ||    15
         Potion            |       |       |       |     1 ||     1
 Armour: Scale mail        |    56 |   120 |   333 |   472 ||   981
         Plate armour      |       |       |       |    96 ||    96
  Dodge: Dodged            |    41 |    93 |   157 |   293 ||   584
  Block: Buckler           |    15 |    48 |    90 |   154 ||   307
